 Dungeon Crawl Stone Soup version 0.25.1-2-g60ff931df9 (webtiles) character file.

Game seed: 10088565681677935935

5404 DildoBatman the Black Sun (level 10, -3/74 HPs)
             Began as a Formicid Wizard on Nov 9, 2020.
             Was a High Priest of Kikubaaqudgha.
             Slain by dengdeng's ghost (5 damage)
             ... on level 6 of the Dungeon.
             The game lasted 00:39:50 (10516 turns).

DildoBatman the Black Sun (Formicid Wizard)        Turns: 10516, Time: 00:39:51

Health: -3/74      AC:  6    Str: 13    XL:     10   Next: 98%
Magic:  0/26       EV: 13    Int: 20    God:    Kikubaaqudgha [*****.]
Gold:   454        SH:  4    Dex:  9    Spells: 3/19 levels left

rFire    x . .     SeeInvis +   a - +2 quarterstaff (drain)
rCold    + . .     Gourm    .   q - +0 buckler
rNeg     + . .     Faith    +   g - +0 robe
rPois    +         Spirit   .   (helmet unavailable)
rElec    .         Reflect  .   H - +0 cloak
rCorr    .         Harm     .   n - +0 pair of gloves
MR       +....                  w - +0 pair of boots
Stlth    ++........             E - amulet of faith
HPRegen  0.22/turn              S - ring of Dofoobow {Ice rN+ MP+9}
MPRegen  0.20/turn              s - ring of poison resistance

@: no status effects
A: permanent stasis, dig shafts and tunnels, four strong arms, antennae 3
a: Dig, Shaft Self, Receive Corpses, Torment, Renounce Religion


You were on level 6 of the Dungeon.
You worshipped Kikubaaqudgha.
Kikubaaqudgha was extremely pleased with you.
You were near starving.

You visited 1 branch of the dungeon, and saw 8 of its levels.
You also visited: Sewer.

You collected 454 gold pieces.

Inventory:

Hand Weapons
 a - a +2 quarterstaff of draining (weapon)
 b - a +1 hunting sling of freezing
 c - a +0 short sword of venom
 e - a +4 halberd
 f - a +0 whip of electrocution
Missiles
 o - 131 arrows
 p - 76 sling bullets
 y - 3 throwing nets
 L - 45 poisoned darts
 M - 5 atropa-tipped darts
 N - 200 stones (quivered)
Armour
 g - a +0 robe (worn)
 n - a +0 pair of gloves (worn)
 q - a +0 buckler (worn)
 w - a +0 pair of boots (worn)
 H - a +0 cloak (worn)
Jewellery
 s - a ring of poison resistance (right hand)
 E - an amulet of faith (around neck)
 S - the ring of Dofoobow (left hand) {Ice rN+ MP+9}
   (You found it on level 4 of the Dungeon)

   [ring of ice]

   It enhances your ice magic.
   It makes you vulnerable to fire.
   It protects you from cold.
   It protects you from negative energy.
   It affects your magic capacity (+9).
Wands
 R - a wand of disintegration (16)
Scrolls
 d - 2 scrolls of enchant weapon {unknown}
 i - 2 scrolls of fog
 j - 3 scrolls of amnesia
 m - 3 scrolls of enchant armour
 r - a scroll of blinking {unknown}
 t - 3 scrolls of fear
 x - 2 scrolls of remove curse
 z - 2 scrolls of identify
 C - 5 scrolls of magic mapping
 I - a scroll of immolation {unknown}
 T - a scroll of vulnerability {unknown}
 U - a scroll of silence {unknown}
Potions
 h - 6 potions of curing
 k - 2 potions of invisibility {unknown}
 l - 3 potions of brilliance
 u - 2 potions of resistance
 A - 3 potions of magic
 B - 4 potions of might
 D - 2 potions of heal wounds
 F - a potion of cancellation {unknown}
 G - a potion of ambrosia {unknown}
 J - a potion of haste {unknown}
 K - a potion of flight {unknown}
 P - 2 potions of degeneration {unknown}
Comestibles
 v - 19 rations


   Skills:
 - Level 5.0 Fighting
 - Level 5.0 Armour
 - Level 4.0 Dodging
 - Level 2.4 Stealth
 - Level 3.0 Shields
 - Level 5.0 Spellcasting
 - Level 6.0 Conjurations
   Level 1.0 Summonings
 * Level 7.2 Necromancy
   Level 0.8 Translocations
 - Level 5.0 Fire Magic
 - Level 4.0 Air Magic
 - Level 4.0 Poison Magic


You had 3 spell levels left.
You knew the following spells:

 Your Spells              Type           Power        Failure   Level  Hunger
a - Conjure Flame         Conj/Fire      ####....     3%          3    ##.....
b - Sublimation of Blood  Necr           ####......   1%          2    None
c - Magic Dart            Conj           ####         1%          1    None
d - Vampiric Draining     Necr           ####......   1%          3    ##.....
e - Mephitic Cloud        Conj/Pois/Air  ###.....     5%          3    ##.....
h - Dispel Undead         Necr           ####....     6%          4    ####...

Your spell library contained the following spells:

 Spells                   Type           Power        Failure   Level  Hunger
 Animate Skeleton         Necr           N/A          1%          1    None
 Pain                     Necr           ####         1%          1    None
 Call Imp                 Summ           #.......     12%         2    None
 Slow                     Hex            #.......     17%         2    None
 Agony                    Necr           ####....     16%         5    #####..
 Excruciating Wounds      Chrm/Necr      ###.......   58%         5    #####..
 Death Channel            Necr           ####......   65%         6    #######
 Simulacrum               Ice/Necr       ####......   99%         6    #######
 Blink                    Tloc           Unusable     N/A         2    N/A

Dungeon Overview and Level Annotations

Branches:
Dungeon (8/15)             Temple (0/1) D:5           Sewer (visited)
   Lair: D:8-11

Altars:
Cheibriados
Dithmenos
Fedhas
Hepliaklqana
Kikubaaqudgha
Makhleb
Nemelex Xobeh
Qazlal
Trog
Uskayaw
Vehumet
Wu Jian
Yredelemnul

Annotations:
D:6 1 runed translucent door, dengdeng's ghost, novice MiBe


Innate Abilities, Weirdness & Mutations

You cannot be hasted, slowed, berserked, paralysed or teleported.
You can dig through walls and to a lower floor.
Your four strong arms can wield two-handed weapons with a shield.
You have a pair of large antennae on your head. (SInv)


Message History

The river rat looks more healthy.
Dengdeng's ghost is engulfed in blazing flames.
Dengdeng's ghost hits you!
You writhe in agony.
The adder bites the worm.
The bullfrog barely misses dengdeng's ghost.
You hit dengdeng's ghost but do no damage.
Dengdeng's ghost is heavily damaged.
Dengdeng's ghost hits you but does no damage.
Dengdeng's ghost is engulfed in blazing flames.
Dengdeng's ghost hits you.
Casting: Dispel Undead (dangerous; 6% risk of failure)
Confirm with . or Enter, or press ? or * to list all spells.
Aiming: Dispel Undead (dangerous; 6% risk of failure)
Press: ? - help, Shift-Dir - straight line, f/p - dengdeng's ghost
Aim: dengdeng's ghost, wielding a weapon of pain (flame, heavily damaged) Dengdeng's ghost is dispelled!
Dengdeng's ghost hits you.
You die...
Kikubaaqudgha rasps: "You have failed me!
Welcome... death!"

..............#..#.............##
.####.........##.###.####......#
....#..#......##.###...........#
#######.......##............#####
#⌠###8#÷...######.##........# #
...........# #.##........# #
...........# #.##........####
^..........# ##.##.####......##
#⌠###8#....# #@#############.##
### ###....# ##W#≈≈≈≈≈≈{wS#.#.##
#....####.rw†≈≈≈!≈≈SW+...#
##.#.#<....#≈≈≈S≈≈≈≈r#...##
#.#.....#.###########...##
#.#.....##......######..##
#.#.....##..............##
#.......#8......##...#....
###....###..#>............


You could see a worm, dengdeng's ghost, an adder (confused) and a river rat.

Vanquished Creatures
  Harold (D:8)
  Pikel (D:7)
  Joseph (D:7)
  A hippogriff (D:7)
  Sigmund (D:2)
  Menkaure (D:4)
  An acid dragon (D:8)
  3 slaves (D:7)
  3 orc warriors
  An ice beast (D:6)
  2 sky beasts (D:6)
  3 ogres
  2 phantoms
  2 big kobolds (D:8)
  5 bullfrogs
  3 scorpions
  4 killer bees (D:8)
  2 howler monkeys
  A wight (D:4)
  2 bullfrog zombies
  4 crimson imps
  6 orc priests
  6 orc wizards
  A bullfrog skeleton (D:5)
  Crazy Yiuf (D:2)
  4 hounds
  2 iguanas
  6 worker ants
  3 hound skeletons
  17 adders
  11 gnolls
  4 river rats
  3 shadow imps
  2 oozes (Sewer)
  An adder skeleton (D:7)
  3 adder zombies
  4 worms
  3 dart slugs
  9 leopard geckos
  32 orcs
  7 giant cockroaches
  12 goblins
  8 hobgoblins
  23 jackals
  29 kobolds
  2 quokkas
  12 ball pythons
  6 bats
  5 frilled lizards
  2 quokka zombies
  34 rats
302 creatures vanquished.

Vanquished Creatures (others)
  A slave (D:7)
  A worker ant (D:7)
2 creatures vanquished.

Grand Total: 304 creatures vanquished

Notes
Turn   | Place    | Note
-------+----------+-------------------------------------------
     0 | D:1      | DildoBatman the Formicid Wizard began the quest for the
                  | Orb.
     0 | D:1      | Reached XP level 1. HP: 13/13 MP: 4/4
    23 | D:1      | Reached skill level 1 in Conjurations
   229 | D:1      | Reached XP level 2. HP: 19/19 MP: 1/6
   759 | D:2      | Found a snail-covered altar of Cheibriados.
  1064 | D:2      | Reached XP level 3. HP: 24/24 MP: 4/7
  1115 | D:2      | Found a blossoming altar of Fedhas.
  1435 | D:2      | Found a runed translucent door.
  1436 | D:2      | Noticed Crazy Yiuf
  1581 | D:2      | Found an ornate altar of the Wu Jian Council.
  1721 | D:1      | Learned a level 3 spell: Conjure Flame
  1736 | D:1      | Learned a level 3 spell: Mephitic Cloud
  1902 | D:1      | Reached XP level 4. HP: 21/30 MP: 4/8
  2863 | D:3      | Reached XP level 5. HP: 23/35 MP: 5/9
  3066 | D:3      | Found a sparkling altar of Nemelex Xobeh.
  3068 | D:3      | Found a hide-covered altar of Uskayaw.
  3240 | D:3      | Noticed Sigmund
  3844 | D:4      | Found a transporter.
  3844 | D:4      | Noticed an ogre
  3847 | D:4      | Noticed a phantom
  3911 | D:3      | Reached skill level 1 in Poison Magic
  3911 | D:3      | Reached XP level 6. HP: 31/41 MP: 6/10
  3973 | D:4      | Found a shadowy altar of Dithmenos.
  3978 | D:4      | Found a glowing drain.
  3987 | D:4      | Reached skill level 1 in Fire Magic
  4036 | Sewer    | Entered a sewer
  4133 | Sewer    | Reached skill level 1 in Air Magic
  4705 | Sewer    | Reached skill level 5 in Conjurations
  4705 | Sewer    | Reached XP level 7. HP: 23/46 MP: 1/11
  5031 | D:4      | Found a transporter.
  5062 | D:4      | Found an ancient bone altar of Kikubaaqudgha.
  5092 | D:4      | Noticed Menkaure
  5096 | D:4      | Found a basalt altar of Yredelemnul.
  5114 | D:4      | You fall into a shaft and drop 1 floor!
  5114 | D:5      | Entered Level 5 of the Dungeon
  5225 | D:4      | Became a worshipper of Kikubaaqudgha
  5569 | D:2      | Killed Sigmund
  5569 | D:2      | Reached XP level 8. HP: 52/52 MP: 6/12
  5800 | D:2      | Killed Crazy Yiuf
  6323 | D:5      | Found a staircase to the Ecumenical Temple.
  6416 | D:5      | Found a radiant altar of Vehumet.
  6416 | D:5      | Found a burning altar of Makhleb.
  6595 | D:5      | Reached * piety under Kikubaaqudgha
  6595 | D:5      | Identified Kikubaaqudgha's Guide on Evil Secrets
                  | (Kikubaaqudgha gifted it to you on level 5 of the Dungeon)
  6595 | D:5      | Received a gift from Kikubaaqudgha
  7195 | D:5      | Reached ** piety under Kikubaaqudgha
  7272 | D:6      | Found a snail-covered altar of Cheibriados.
  7287 | D:6      | Reached skill level 5 in Fire Magic
  7302 | D:6      | Reached XP level 9. HP: 42/58 MP: 7/14
  7319 | D:6      | Reached skill level 1 in Fighting
  7324 | D:6      | Reached skill level 1 in Armour
  7489 | D:6      | Found a runed translucent door.
  7493 | D:6      | Noticed dengdeng's ghost (novice MiBe)
  7875 | D:6      | Reached *** piety under Kikubaaqudgha
  7875 | D:6      | Identified Kikubaaqudgha's Catalogue of Evil (Kikubaaqudgha
                  | gifted it to you on level 6 of the Dungeon)
  7875 | D:6      | Received a gift from Kikubaaqudgha
  7970 | D:6      | Found a runed translucent door.
  8071 | D:6      | Learned a level 2 spell: Sublimation of Blood
  8075 | D:6      | Learned a level 3 spell: Vampiric Draining
  8080 | D:6      | Learned a level 4 spell: Dispel Undead
  8241 | D:7      | Reached skill level 1 in Necromancy
  8330 | D:7      | Found a bloodstained altar of Trog.
  8452 | D:7      | Noticed Pikel
  8489 | D:7      | Killed Pikel
  8489 | D:7      | Reached skill level 5 in Spellcasting
  8489 | D:7      | Reached skill level 2 in Necromancy
  8489 | D:7      | Reached XP level 10. HP: 26/72 MP: 2/17
  8780 | D:7      | Found a stormy altar of Qazlal.
  8863 | D:7      | Reached skill level 3 in Necromancy
  8963 | D:7      | Reached **** piety under Kikubaaqudgha
  9247 | D:8      | Reached skill level 5 in Fighting
  9372 | D:8      | Found a hazy altar of Hepliaklqana.
  9552 | D:8      | Reached skill level 5 in Armour
  9657 | D:8      | Reached skill level 4 in Necromancy
 10022 | D:8      | Noticed Harold
 10051 | D:8      | Killed Harold
 10051 | D:8      | Reached skill level 6 in Necromancy
 10263 | D:7      | Noticed Joseph
 10286 | D:7      | Killed Joseph
 10375 | D:4      | Reached ***** piety under Kikubaaqudgha
 10384 | D:4      | Killed Menkaure
 10384 | D:4      | Reached skill level 7 in Necromancy
 10415 | D:4      | Got a scorched platinum ring
 10485 | D:4      | Identified the ring of Dofoobow {Ice rN+ MP+9} (You found
                  | it on level 4 of the Dungeon)
 10493 | D:4      | You fall into a shaft and drop 1 floor!
 10496 | D:5      | You fall into a shaft and drop 1 floor!
 10515 | D:6      | HP: 2/74 [dengdeng's ghost (5)]
 10516 | D:6      | Slain by dengdeng's ghost

Illustrated notes

Levels and vault maps discovered:
D:1:      wheals_arrival_shading, layout_basic, minmay_domino_4
D:2:      layout_basic, lemuel_round_altar, cheibriados_altar_1, fedhas_altar_2,
          uniq_crazy_yiuf_cottage
D:3:      layout_basic, gammafunk_temple_overflow_pools, first_ration,
          uniq_sigmund
D:4:      layout_rooms, overflow_temple_1_default, gammafunk_temple_of_torment,
          portal_sewer_entry_b, hex_tiny
D:5:      corexii_shantytown, layout_cave_pods,
          grunt_temple_overflow_lords_of_destruction,
          minmay_temple_entry_statues, grunt_decor_arrowhead
D:6:      layout_basic, basic_altar, ebering_ghost_sewer_f, serial_corexii_hall,
          chequers_hall_statues_wall_a, chequers_hall_statues_corner_a,
          corexii_hall_statues_i
D:7:      layout_loops_cross, kennysheep_mini, bloody_trog, uniq_pikel,
          uniq_joseph, uniq_menkaure
D:8:      layout_basic, kennysheep_mini_moat, serial_curves, eino_curves_04,
          eino_curves_03, uniq_harold

Skill      XL: |  1  2  3  4  5  6  7  8  9 10 |
---------------+-------------------------------+-----
Conjurations   | 1 2 3 4 5 6 |  6.0
Poison Magic   | 1 2 4 |  4.0
Fire Magic     | 2 3 5 |  5.0
Air Magic      | 1 2 4 |  4.0
Dodging        | 2 3 4 |  4.0
Fighting       | 4 5 |  5.0
Armour         | 4 5 |  5.0
Spellcasting   | 5 |  5.0
Shields        | 3 |  3.0
Necromancy     | 2 7 |  7.2
Stealth        | |  2.4
Summonings     | |  1.0
Translocations | |  0.8

Action                   |  1- 3 |  4- 6 |  7- 9 | 10-12 || total
-------------------------+-------+-------+-------+-------++-------
Melee: Short sword       |       |    54 |   147 |   126 ||   327
       Dagger            |       |       |    41 |    15 ||    56
       Scythe            |       |       |    10 |       ||    10
       Quarterstaff      |       |       |       |     3 ||     3
 Fire: Hunting sling     |    37 |   153 |   210 |    56 ||   456
 Cast: Magic Dart        |    53 |    92 |    73 |     8 ||   226
       Mephitic Cloud    |     1 |     6 |    43 |    16 ||    66
       Conjure Flame     |       |     1 |    16 |    11 ||    28
       Vampiric Draining |       |       |     1 |     7 ||     8
       Dispel Undead     |       |       |       |     5 ||     5
 Abil: Dig               |       |     8 |    14 |     4 ||    26
       Shaft Self        |       |       |       |     2 ||     2
  Use: Scroll            |       |       |     9 |     2 ||    11
 Stab: Confused          |       |       |     9 |     3 ||    12
       Sleeping          |       |       |     3 |       ||     3
  Eat: Chunk             |     3 |    10 |    18 |     9 ||    40
Armor: Robe              |     6 |    37 |    54 |    40 ||   137
Dodge: Dodged            |     7 |   100 |   132 |   100 ||   339
Block: Buckler           |       |       |     5 |    26 ||    31
